 Dungeon Crawl Stone Soup version 0.30.1-11-g7821555f0a (webtiles) character file.

Game seed: 334301060618809035

514 gasznak the Chopper (level 6, -1/52 HPs)
             Began as a Demigod Fighter on Nov 26, 2023.
             Slain by Pikel
             ... wielding a +0 whip of electrocution
              (3 damage)
             ... on level 5 of the Dungeon.
             The game lasted 00:12:46 (3412 turns).

gasznak the Chopper (Demigod Fighter)               Turns: 3412, Time: 00:12:48

Health: -1/52      AC:  9    Str: 25    XL:     6   Next: 67%
Magic:  8/8        EV: 11    Int: 10    God:
Gold:   84         SH:  5    Dex: 19    Spells: 5/5 levels left

rFire   . . .        a - +0 war axe
rCold   + . .        c - +0 buckler
rNeg    . . .        e - +2 ring mail {rC+}
rPois   .            n - +0 helmet
rElec   .            (no cloak)
rCorr   .            (no gloves)
SInv    .            (no boots)
Will    .....        (no amulet)
Stlth   +            o - +6 ring of dexterity
HPRegen 0.28/turn    (no ring)
MPRegen 0.11/turn

%: no passive effects
@: no status effects
A: high MP 1, forlorn, divine attributes
a: no special abilities


You were on level 5 of the Dungeon.
You visited 2 branches of the dungeon, and saw 6 of its levels.

You collected 182 gold pieces.
You spent 98 gold pieces at shops.

Inventory:

Hand Weapons
 a - a +0 war axe (weapon)
Missiles
 f - 5 boomerangs (quivered)
Armour
 b - a +0 scale mail
 c - a +0 buckler (worn)
 e - a +2 ring mail of cold resistance (worn)
 n - a +0 helmet (worn)
Jewellery
 g - a ring of fire
 o - a +6 ring of dexterity (left hand)
Wands
 r - a wand of flame (4)
Scrolls
 h - 4 scrolls of identify
 i - a scroll of magic mapping {unknown}
 j - a scroll of torment {unknown}
 k - 2 scrolls of vulnerability {unknown}
 l - 3 scrolls of teleportation
 p - 2 scrolls of noise {unknown}
 q - a scroll of butterflies {unknown}
 s - a scroll of acquirement {unknown}
 t - a scroll of poison {unknown}
Potions
 d - 2 potions of might
 m - 4 potions of curing {unknown}


   Skills:
 + Level 3.8 Fighting
 * Level 4.2 Axes
 + Level 3.8 Armour
 + Level 2.2 Dodging
 + Level 3.8 Shields


You had 5 spell levels left.
You didn't know any spells.
Your spell library was empty.

Dungeon Overview and Level Annotations

Branches:
Dungeon (5/15)             Temple (1/1) D:4

Shops:
D:3 ?   D:4 ?   D:5 *

Annotations:
D:5 Pikel


Innate Abilities, Weirdness & Mutations

You have an increased reservoir of magic. (+10% MP)
You shall have no god before yourself.
Your divine heritage dramatically boosts your attributes as you level up.


Message History

The lemure hits you. The lemure completely misses you.
You barely miss the lemure.
The lemure is moderately wounded.
You hit Pikel but do no damage. You slash Pikel!
Pikel is lightly wounded.
Pikel zaps a wand.
The bolt of dispelling energy misses you.
Pikel hits you with a +0 whip of electrocution.
You slash Pikel!
Pikel is moderately wounded.
Pikel hits you with a +0 whip of electrocution.
You barely miss Pikel.
Pikel is moderately wounded.
You block Pikel's attack.
You slash Pikel!
Pikel is severely wounded.
Pikel hits you with a +0 whip of electrocution.
You hit Pikel but do no damage.
Pikel is severely wounded.
You block Pikel's attack.
Pikel hits you with a +0 whip of electrocution!
You are electrocuted!!
* * * LOW HITPOINT WARNING * * *
You hit Pikel but do no damage.
Pikel is severely wounded.
Pikel hits you with a +0 whip of electrocution.
* * * LOW HITPOINT WARNING * * *
You hit Pikel.
Pikel is severely wounded.
A lemure comes into view.
Pikel hits you with a +0 whip of electrocution.
* * * LOW HITPOINT WARNING * * *
The lemure shouts!
You hit Pikel but do no damage.
Pikel is severely wounded.
Pikel hits you with a +0 whip of electrocution.
* * * LOW HITPOINT WARNING * * *
Pikel hits you with a +0 whip of electrocution.
You die...

#.###.# #.# #.# #.# #.# #.#
#.# #.# #.####### #.#
#.......# ########
#.#########.# #<.K5..#
#.##.....##.#
########.####@#<.###.##.#
###...........##K#### #.##.#
.<..........).##5...# #.##.#
..........5..##..#.# #.##.#
............##5.....#....#
###.......K...##.##.#.######
........................
.....#####.......##.#.###
....$5........>####.#.#


You could see Pikel and 2 lemures.

Vanquished Creatures
  An ice beast (D:4)
  An ogre (D:4)
  2 lemures (D:5)
  2 hounds (D:4)
  A jelly (D:4)
  Ijyb (D:4)
  An iguana (D:4)
  Robin (D:2)
  4 gnolls (D:4)
  5 adders
  4 dart slugs
  An orc (D:3)
  5 ball pythons
  4 bats
  8 endoplasms
  3 giant cockroaches
  13 goblins
  15 hobgoblins
  8 jackals
  8 kobolds
  2 quokkas
  3 frilled lizards
  5 rats
  A spectral orc (D:3)
99 creatures vanquished.

Notes
Turn   | Place    | Note
-------+----------+-------------------------------------------
     0 | D:1      | gasznak the Demigod Fighter began the quest for the Orb.
     0 | D:1      | Reached XP level 1. HP: 18/18 MP: 3/3
   151 | D:1      | Reached skill level 2 in Axes
   189 | D:1      | Reached XP level 2. HP: 25/25 MP: 4/4
   787 | D:2      | Noticed Robin
   874 | D:2      | Reached XP level 3. HP: 31/31 MP: 5/5
  1154 | D:2      | Reached skill level 1 in Dodging
  1162 | D:2      | Killed Robin
  1163 | D:2      | Reached XP level 4. HP: 21/38 MP: 6/6
  1545 | D:3      | Reached skill level 3 in Axes
  1745 | D:3      | Found Deskuj's Magic Scroll Boutique.
  1766 | D:3      | Bought a scroll of identify for 28 gold pieces
  1766 | D:3      | Bought a scroll of teleportation for 42 gold pieces
  1766 | D:3      | Bought a scroll of identify for 28 gold pieces
  2034 | D:4      | Noticed an ice beast
  2209 | D:4      | Noticed Ijyb
  2223 | D:4      | Killed Ijyb
  2408 | D:4      | Reached XP level 5. HP: 45/45 MP: 7/7
  2535 | D:4      | Found Jikeuta's Magic Scroll Shoppe.
  2706 | D:4      | Killed an ice beast
  2707 | D:4      | Reached XP level 6. HP: 41/52 MP: 8/8
  2799 | D:4      | Found a staircase to the Ecumenical Temple.
  2860 | D:4      | Reached skill level 4 in Axes
  3189 | Temple   | Entered the Ecumenical Temple
  3231 | D:5      | Entered Level 5 of the Dungeon
  3240 | D:5      | Found Luecetij's Luxury Loot.
  3258 | D:5      | Noticed Pikel
  3412 | D:5      | HP: 2/52 [Pikel/+0 whip of electrocution (6)]
  3412 | D:5      | Slain by Pikel

Illustrated notes

Levels and vault maps discovered:
D:1:      amcnicky_arrival_double_pillar, layout_loops_ring,
          minmay_indecisive_spiral
D:2:      layout_rooms, uniq_robin
D:3:      layout_basic, yredelemnul_forgotten_temple_becter, serial_shops,
          nicolae_shop_stone
D:4:      layout_basic, minitemple, minmay_temple_entry_hall, serial_glass,
          glass_columns_a, glass_columns_b, glass_columns_b, glass_columns_b,
          glass_columns_a, glass_columns_a, serial_shops,
          nicolae_lakefront_shop, grunt_ministairs_14, uniq_ijyb
D:5:      layout_basic, gup_sewer_entry_bowl, nicolae_alphabet_shops, uniq_pikel
Temple:   minmay_freezing_vapour_temple

Skill      XL: |  1  2  3  4  5  6 |
---------------+-------------------+-----
Axes           | 2 3 4 |  4.2
Fighting       | 3 |  3.8
Armour         | 3 |  3.8
Shields        | 3 |  3.8
Dodging        | 1 2 |  2.2

Action                     |  1- 3 |  4- 6 || total
---------------------------+-------+-------++-------
  Melee: War axe           |   138 |   197 ||   335
    Use: Scroll            |       |     1 ||     1
 Armour: Ring mail         |    82 |    94 ||   176
  Dodge: Dodged            |    75 |   101 ||   176
  Block: Buckler           |    37 |    54 ||    91
